 Dungeon Crawl Stone Soup version 0.18.1-6-gd335043 (webtiles) character file.

2615 Kenran the Cruncher (level 9, 0/55 HPs)
             Began as a Gargoyle Gladiator on May 18, 2016.
             Was a Believer of Makhleb.
             Slain by a large abomination (17 damage)
             ... on level 1 of the Abyss.
             The game lasted 00:24:19 (8413 turns).

Kenran the Cruncher (Gargoyle Gladiator)            Turns: 8413, Time: 00:24:20

Health: 0/55       AC: 20    Str: 23    XL:     9   Next: 60%
Magic:  9/9        EV:  7    Int:  9    God:    Makhleb [**....]
Gold:   296        SH:  0    Dex: 13    Spells: 0 memorised, 8 levels left

rFire  . . .     SeeInvis .     a - +1 quarterstaff
rCold  + . .     Gourm    .     I - +0 plate armour
rNeg   + . .     Faith    .     (shield currently unavailable)
rPois  ∞         Spirit   .     c - +1 helmet
rElec  +         Dismiss  .     h - +0 cloak
rCorr  .         Reflect  .     (no gloves)
SustAt .         Harm     .     (no boots)
MR     .....                    (no amulet)
Stlth  ..........               C - ring of protection from cold
                                v - +4 ring of strength

@: about to teleport, not resistant to hostile enchantments, extremely
unstealthy
A: negative energy resistance 1, electricity resistance, unbreathing,
petrification resistance, rot immunity, AC +5
a: Minor Destruction, Renounce Religion


You were on level 1 of the Abyss.
You worshipped Makhleb.
Makhleb was pleased with you.
You were hungry.

You visited 2 branches of the dungeon, and saw 8 of its levels.
You visited the Abyss 1 time.
You also visited: Ossuary.

You collected 392 gold pieces.
You spent 96 gold pieces at shops.

Inventory:

Hand Weapons
 a - a +1 quarterstaff (weapon)
 H - a +0 blowgun
Missiles
 d - 4 throwing nets (quivered)
 M - 17 poisoned needles
Armour
 b - a +0 chain mail
 c - a +1 helmet (worn)
 h - a +0 cloak (worn)
 I - a +0 plate armour (worn)
Jewellery
 v - a +4 ring of strength (left hand)
 C - a ring of protection from cold (right hand)
 L - a cursed ring of loudness {unknown}
Wands
 y - a wand of digging (5/24)
 K - a wand of paralysis (17/24)
Scrolls
 g - a scroll of recharging
 i - 3 scrolls of teleportation
 k - 8 scrolls of identify
 n - 2 scrolls of amnesia
 q - 3 scrolls of enchant armour
 r - 3 scrolls of remove curse
 D - a scroll of enchant weapon
 E - 3 scrolls of immolation
 F - a scroll of noise {unknown}
Potions
 e - 3 potions of heal wounds
 m - 2 potions of might {unknown}
 o - 2 potions of flight {unknown}
 p - 4 potions of agility {unknown}
 s - 2 potions of ambrosia {unknown}
 u - 2 potions of berserk rage {unknown}
 w - 6 potions of curing
 x - 3 potions of degeneration {unknown}
 z - a potion of brilliance {unknown}
 B - a potion of lignification {unknown}
 G - 2 potions of cancellation {unknown}
Comestibles
 f - 6 bread rations
 j - 9 beef jerkies
 l - 2 royal jellies
 t - 2 meat rations
 A - 4 fruits


   Skills:
 - Level 6.0 Fighting
 + Level 11.2 Staves
 - Level 1.7 Throwing
 - Level 4.0 Armour
 - Level 2.4 Dodging


You had 8 spell levels left.
You didn't know any spells.

Dungeon Overview and Level Annotations

Branches:
Dungeon (7/15)             Temple (1/1) D:4

Altars:
Cheibriados
Dithmenos
Elyvilon
Gozag
Makhleb
Nemelex Xobeh
Okawaru
Pakellas
Qazlal
Ru
Sif Muna
Vehumet
Xom
Yredelemnul
Zin
The Shining One

Shops:
D:7 !


Innate Abilities, Weirdness & Mutations

You are resistant to torment.
Your stone body is resilient (AC +5).
You are immune to poison.
You resist negative energy.
You are resistant to electric shocks.
You can survive without breathing.
You are immune to petrification.
You are immune to rotting.


Message History

Found 20 bolts.
A thrashing horror and a wretched star come into view.
An efreet comes into view. It is wielding a scimitar of flaming.
The efreet gestures at you.
The fireball explodes!
The fireball engulfs you!
You hear a roar!
The efreet gestures at you.
The fireball explodes!
The fireball engulfs you! The efreet gestures at you.
The bolt of fire hits you!
A smoke demon comes into view.
The efreet gestures at you. The bolt of fire hits you!
A large abomination comes into view.
Read which item? (? for menu, Esc to quit)
As you read the scroll of teleportation, it crumbles to dust.
You feel strangely unstable.
You feel the power of the Abyss delaying your translocation!
The large abomination hits you!
You die...

.#.###.# ## #.v
#..## # # .#
#..##.# #.### #
##
#..##§##.##....
###.R.§R§§3.#
##..##.#####.#
###.######
#.@.# ###X#
...# #.#.#
##.... . ### .#
.#


You could see a large abomination and an efreet.

Vanquished Creatures
  A sky beast (D:6)
  A black bear (D:7)
  4 ice beasts
  3 orc warriors (D:7)
  A centaur (D:7)
  4 ogres
  A big kobold (D:7)
  Blork the orc (D:7)
  A giant frog (D:6)
  A small abomination (Abyss:1)
  A gnoll sergeant (D:7)
  2 scorpions (D:5)
  3 wights (D:7)
  2 centaur zombies (Ossuary)
  A giant frog zombie (D:6)
  2 hounds
  A human zombie (Ossuary)
  An orc priest (D:3)
  2 centaur skeletons
  5 worker ants
  An iguana (D:6)
  A big kobold zombie (Ossuary)
  A hound skeleton (D:4)
  5 mummies (Ossuary)
  6 gnolls
  12 adders
  3 oozes
  An adder skeleton (D:5)
  3 worms
  A dart slug (D:4)
  5 giant geckos
  18 orcs
  7 bats
  5 giant cockroaches
  9 hobgoblins
  13 jackals
  4 quokkas
  4 giant newts
  9 goblins
  3 hobgoblin zombies (Ossuary)
  A jackal zombie (D:6)
  15 kobolds
  An orc zombie (Ossuary)
  8 rats
174 creatures vanquished.

Vanquished Creatures (others)
  A rat (D:2)
1 creature vanquished.

Grand Total: 175 creatures vanquished

Notes
Turn   | Place    | Note
--------------------------------------------------------------
     0 | D:1      | Kenran the Gargoyle Gladiator began the quest for the Orb.
     0 | D:1      | Reached XP level 1. HP: 12/12 MP: 1/1
   113 | D:1      | Reached XP level 2. HP: 13/17 MP: 2/2
   520 | D:1      | Reached skill level 4 in Staves
   762 | D:1      | Reached XP level 3. HP: 20/21 MP: 3/3
  1339 | D:2      | Found a glowing golden altar of the Shining One.
  1578 | D:2      | Reached XP level 4. HP: 10/26 MP: 4/4
  2041 | D:2      | Reached skill level 5 in Staves
  2216 | D:2      | Found a stormy altar of Qazlal.
  2804 | D:3      | Found a radiant altar of Vehumet.
  2852 | D:3      | Reached XP level 5. HP: 30/30 MP: 5/5
  3367 | D:3      | Reached skill level 6 in Staves
  3632 | D:3      | Reached XP level 6. HP: 33/35 MP: 6/6
  3779 | D:4      | Reached skill level 7 in Staves
  3942 | D:4      | Found a staircase to the Ecumenical Temple.
  3948 | Temple   | Entered the Ecumenical Temple
  4111 | D:5      | Entered Level 5 of the Dungeon
  4302 | D:5      | Found a burning altar of Makhleb.
  4458 | D:5      | Became a worshipper of Makhleb the Destroyer
  4906 | D:5      | Found an iron altar of Okawaru.
  4919 | D:5      | Reached XP level 7. HP: 43/43 MP: 7/7
  5043 | D:5      | Found an opulent altar of Gozag.
  5043 | D:5      | Found a sacrificial altar of Ru.
  5416 | D:4      | Reached * piety under Makhleb
  5416 | D:4      | Reached skill level 5 in Fighting
  6496 | D:6      | Reached XP level 8. HP: 48/51 MP: 8/8
  6599 | D:6      | Found a sparkling altar of Nemelex Xobeh.
  6760 | D:6      | Reached skill level 8 in Staves
  7015 | D:7      | Found Jebops's Distillery.
  7019 | D:7      | Bought a potion of curing for 36 gold pieces
  7019 | D:7      | Bought a potion of heal wounds for 60 gold pieces
  7029 | D:7      | Found a sparkling altar of Nemelex Xobeh.
  7041 | D:7      | Found a sand-covered staircase.
  7047 | Ossuary  | Entered an ossuary
  7234 | Ossuary  | Reached skill level 9 in Staves
  7239 | Ossuary  | Reached ** piety under Makhleb
  7437 | D:7      | Reached XP level 9. HP: 49/55 MP: 9/9
  7600 | D:7      | Reached skill level 10 in Staves
  7840 | D:7      | Noticed Blork the orc
  7877 | D:7      | Killed Blork the orc
  7923 | D:7      | Reached skill level 11 in Staves
  8301 | D:7      | Cast into level 1 of the Abyss (gnoll sergeant)
  8385 | Abyss:1  | Noticed a wretched star
  8385 | Abyss:1  | Noticed a thrashing horror
  8403 | Abyss:1  | Noticed an efreet
  8408 | Abyss:1  | Noticed a smoke demon
  8413 | Abyss:1  | Slain by a large abomination

Skill      XL: |  1  2  3  4  5  6  7  8  9 |
---------------+----------------------------+-----
Staves         | 4 5 6 7 9 11 | 11.2
Fighting       | 4 6 |  6.0
Armour         | 2 4 |  4.0
Throwing       | |  1.7
Dodging        | |  2.4

Action                   |  1- 3 |  4- 6 |  7- 9 || total
-------------------------+-------+-------+-------++-------
Melee: Quarterstaff      |   137 |   274 |   326 ||   737
 Fire: Blowgun           |       |       |    20 ||    20
Throw: Throwing net      |       |       |     3 ||     3
  Use: Scroll            |       |     9 |     2 ||    11
       Potion            |       |       |     1 ||     1
  Eat: Chunk             |     2 |    11 |     9 ||    22
       Fruit             |       |       |     2 ||     2
Armor: Leather armour    |    49 |     2 |       ||    51
       Ring mail         |       |   110 |       ||   110
       Chain mail        |       |    46 |   118 ||   164
       Plate armour      |       |       |     3 ||     3
       Skin              |       |       |     1 ||     1
Dodge: Dodged            |    93 |   144 |    97 ||   334
